Map: 海神信使 - 天梯版

Players

Has - Winner!

  • Race: Protoss Protoss
  • Spawn Location: 5:00

ButAlways

  • Race: Protoss Protoss
  • League: Platinum
  • Spawn Location: 11:00

VOD

https://youtu.be/UVHRtgRkWxE

Description

Time

  • Played on: Sept. 7, 2019, 12:50 p.m.
  • Length: 29:47
Show
View Real Time Build Order
Export as new Build Order

Has Protoss - Winner!

Build Orders: Phoenix Opening 

Get SALT Encoding   

  12  0:00  Probe  
  13  0:12  Probe  
  14  0:17  Pylon  
  14  0:23  Probe  
  14  0:27  Assimilator  
  15  0:31  Probe  
  15  0:41  Probe  
  16  0:42  Gateway  
  17  0:53  Probe  
  17  0:55  Assimilator  
  18  1:01  Probe  
  18  1:09  Probe  
  19  1:13  Gateway  
  20  1:20  Probe  
  21  1:31  Cybernetics Core  
  21  1:32  Probe  
  22  1:34  Pylon  
  22  1:43  Pylon  
  22  1:44  Probe  
  23  1:56  Probe  
  24  2:07  Adept x2  
  28  2:08  Warp Gate  
  28  2:15  Stargate  
  28  2:29  Probe  
  29  2:40  Shield Battery  
  31  2:46  Robotics Facility  
  31  2:48  Probe  
  31  2:50  Phoenix  
  30  2:54  Stalker  
  32  3:01  Probe  
  32  3:05  Pylon  
  35  3:13  Phoenix  
  37  3:20  Shield Battery  
  37  3:24  Pylon  
  37  3:39  Immortal  
  41  3:50  Gateway  
  41  3:57  Phoenix  
  43  4:07  Shield Battery  
  43  4:10  Warp Prism  
  43  4:20  Sentry  
  47  4:29  Shield Battery  
  47  4:33  Phoenix  
  49  4:39  Pylon  
  49  4:46  Observer  
  50  4:56  Observer  
  49  5:07  Immortal  
  53  5:23  Phoenix  
  53  5:24  Shield Battery  
  53  5:25  Zealot  
  53  5:26  Shield Battery  
  57  5:31  Gateway  
  57  5:53  Phoenix  
  59  5:57  Immortal  
  63  6:07  Pylon  
  63  6:08  Pylon  
  63  6:31  Phoenix  
  65  6:36  Pylon  
  65  6:49  Immortal  
  65  6:52  Zealot x2  
  69  6:56  Phoenix  
  75  7:18  Pylon  
  75  7:21  Phoenix  
  71  7:37  Zealot  
  71  7:43  Observer  
  69  8:04  Robotics Bay  
  69  8:28  Immortal  
  71  8:59  Disruptor  
  74  9:16  Zealot x2  
  78  9:25  Disruptor  
  68  10:01  Disruptor  
  68  10:37  Probe  
  69  10:49  Probe, Disruptor  
  73  11:14  Sentry  
  71  11:25  Observer  
  72  11:32  Zealot  
  74  11:35  Probe  
  75  11:48  Probe  
  76  11:57  Nexus  
  76  12:04  Immortal  
  76  12:12  Observer  
  79  12:21  Nexus  
  79  12:35  Immortal  
  70  13:14  Warp Prism  
  70  13:19  Zealot  
  56  13:43  Sentry x2  
  56  13:46  Disruptor  
  63  14:02  Observer  
  66  14:27  Phoenix  
  63  14:32  Phoenix  
  63  14:40  Observer  
  68  15:13  Nexus  
  64  15:23  Sentry x2  
  67  15:30  Observer  
  69  16:25  Pylon  
  66  16:46  Sentry  
  66  16:47  Shield Battery  
  68  16:48  Sentry  
  68  16:54  Shield Battery  
  70  17:02  Probe x2  
  72  17:17  Shield Battery  
  64  17:37  Sentry x2  
  64  17:40  Probe x2  
  70  17:48  Shield Battery  
  70  17:50  Shield Battery  
  70  17:59  Pylon  
  70  18:03  Immortal  
  74  18:23  Zealot x2  
  77  18:45  Probe  
  77  18:47  Probe  
  78  18:50  Pylon  
  78  18:53  Pylon, Probe  
  79  18:59  Probe  
  80  19:05  Gateway  
  78  19:17  Probe  
  79  19:29  Probe  
  78  19:41  Probe  
  79  19:47  Pylon x2, Assimilator  
  79  19:48  Assimilator  
  78  20:18  Probe  
  74  20:38  Gateway  
  74  20:41  Gateway  
  74  20:42  Gateway  
  74  20:45  Gateway, Zealot  
  74  20:47  Cybernetics Core  
  75  20:50  Pylon  
  75  20:52  Pylon  
  75  21:14  Pylon  
  75  21:22  Zealot  
  77  21:27  Shield Battery  
  77  21:30  Shield Battery  
  77  21:31  Shield Battery  
  77  21:38  Shield Battery  
  76  22:02  Pylon  
  72  22:10  Robotics Facility  
  72  22:29  Robotics Facility  
  71  22:58  Stalker x5  
  81  23:08  Phoenix  
  81  23:26  Archon  
  81  23:27  Archon x2  
  81  23:31  Robotics Facility  
  79  23:59  Stalker x5  
  85  24:13  Archon x2  
  85  24:28  Zealot x2  
  85  24:29  Zealot  
  85  25:05  Probe  
  86  25:32  Adept x2  
  89  25:54  Zealot  
  91  25:59  Observer  
  93  26:15  Immortal, Probe  
  93  26:19  Pylon  
  96  26:34  Probe  
  97  27:05  Probe  
  93  27:12  Observer  
  93  27:13  Probe  
  94  27:20  Nexus  
  93  27:24  Probe  
  94  27:36  Probe  
  95  27:44  Pylon  
  95  27:48  Observer, Probe  
  94  28:00  Probe  
  95  28:12  Probe  
  96  28:24  Probe  
  97  28:29  Phoenix  
  97  28:30  Phoenix x2  
  97  28:36  Probe  
  97  28:39  Probe  
  98  28:47  Probe  
  99  28:48  Probe  
  101  28:56  Probe  
  101  29:00  Probe  
  103  29:08  Probe  
  86  29:26  Probe  
  86  29:27  Probe  
  83  29:34  Nexus  
  83  29:35  Probe x2  
  83  29:37  Nexus  
Show
View Real Time Build Order
Export as new Build Order

ButAlways Protoss 

Build Orders:  

Get SALT Encoding   

  12  0:00  Probe  
  13  0:13  Probe  
  14  0:17  Pylon  
  14  0:25  Probe  
  15  0:33  Probe  
  15  0:35  Gateway  
  15  0:41  Probe  
  16  0:46  Assimilator  
  17  0:51  Probe  
  17  0:54  Assimilator  
  18  0:59  Probe  
  19  1:07  Probe  
  19  1:08  Gateway  
  19  1:17  Probe  
  20  1:24  Cybernetics Core  
  21  1:29  Probe  
  22  1:35  Pylon  
  22  1:41  Probe  
  23  1:56  Warp Gate  
  23  2:00  Stalker  
  23  2:01  Stalker  
  27  2:10  Robotics Facility  
  27  2:14  Pylon  
  27  2:30  Stalker  
  27  2:31  Stalker  
  31  2:39  Gateway  
  31  2:47  Shield Battery  
  31  3:02  Warp Prism  
  31  3:05  Pylon  
  31  3:21  Probe  
  31  3:25  Pylon  
  32  3:34  Probe  
  33  3:36  Observer  
  34  3:46  Sentry  
  34  3:47  Stalker x2  
  40  3:56  Pylon  
  40  4:04  Observer  
  40  4:10  Sentry, Stalker  
  40  4:11  Stalker  
  46  4:17  Pylon  
  46  4:21  Observer  
  46  4:26  Twilight Council  
  46  4:36  Adept x2  
  50  4:47  Adept  
  50  4:49  Observer  
  50  4:52  Observer  
  52  5:00  Resonating Glaives  
  50  5:17  Observer  
  50  5:22  Nexus  
  50  5:26  Adept x2  
  54  5:37  Adept  
  54  5:51  Observer  
  54  5:59  Sentry  
  54  6:00  Adept x2  
  54  6:04  Observer  
  60  6:20  Probe  
  57  6:28  Probe  
  57  6:30  Probe  
  53  6:36  Probe  
  53  6:38  Probe, Adept  
  53  6:39  Adept  
  60  6:48  Probe  
  60  6:51  Adept  
  59  6:56  Probe  
  59  6:59  Adept  
  62  7:04  Observer  
  60  7:10  Adept  
  60  7:12  Probe  
  63  7:17  Sentry  
  63  7:22  Adept  
  63  7:29  Probe x2  
  65  7:34  Adept  
  67  7:45  Observer  
  67  7:58  Adept x2  
  71  7:59  Probe  
  71  8:00  Probe  
  71  8:02  Observer  
  73  8:11  Probe  
  74  8:14  Stalker  
  74  8:21  Adept  
  74  8:22  Probe  
  77  8:36  Pylon  
  77  8:37  Pylon  
  77  8:50  Observer  
  77  8:55  Stalker x2  
  77  8:57  Probe  
  77  8:59  Adept  
  77  9:02  Assimilator  
  80  9:05  Probe  
  81  9:12  Shield Battery  
  81  9:15  Probe  
  81  9:18  Adept  
  81  9:21  Adept  
  86  9:25  Probe  
  86  9:27  Probe  
  83  9:33  Probe  
  83  9:35  Probe  
  79  9:42  Probe  
  79  9:43  Probe  
  75  9:46  Stalker x2  
  77  9:54  Probe  
  78  10:01  Adept  
  66  10:07  Probe  
  67  10:14  Probe, Sentry  
  67  10:19  Probe  
  67  10:21  Observer  
  67  10:22  Probe  
  67  10:31  Adept  
  69  10:38  Observer  
  70  10:46  Blink  
  69  10:56  Assimilator  
  69  10:57  Probe  
  70  11:05  Probe  
  70  11:06  Warp Prism  
  66  11:41  Probe, Adept x3  
  73  11:47  Probe  
  73  11:48  Pylon  
  73  11:50  Probe  
  73  11:51  Observer  
  75  11:59  Probe  
  77  12:05  Probe  
  77  12:06  Adept  
  68  12:09  Probe  
  68  12:17  Probe  
  68  12:20  Probe  
  69  12:29  Probe  
  70  12:40  Stalker x2  
  72  12:56  Stalker  
  72  12:57  Observer  
  72  13:13  Adept x2  
  72  13:27  Adept  
  63  13:32  Probe x2  
  53  13:40  Probe x2  
  46  13:50  Probe x2  
  46  14:01  Observer x2  
  46  14:02  Probe  
  48  14:03  Observer  
  48  14:07  Probe  
  49  14:11  Sentry  
  49  14:13  Probe  
  50  14:19  Probe  
  50  14:21  Probe  
  51  14:55  Probe x2  
  51  14:59  Observer  
  53  15:01  Adept x2  
  56  15:24  Stalker x2  
  56  15:26  Adept  
  62  15:31  Probe x2  
  62  15:44  Probe x2  
  64  15:52  Probe x2, Stalker  
  68  16:00  Probe x2  
  70  16:14  Adept  
  70  16:17  Probe  
  73  16:22  Adept  
  73  16:25  Adept  
  77  16:28  Observer  
  78  16:35  Adept  
  80  16:43  Probe  
  80  16:44  Stalker  
  83  16:51  Probe  
  83  16:52  Stalker  
  85  17:01  Stalker  
  88  17:14  Adept  
  90  17:24  Stalker x2  
  92  17:30  Immortal  
  92  17:41  Adept  
  98  17:47  Adept  
  98  17:48  Adept  
  102  18:05  Adept  
  102  18:09  Adept  
  102  18:12  Pylon  
  102  18:17  Pylon  
  98  18:37  Observer  
  92  18:47  Stalker x3  
  98  18:49  Probe  
  96  18:57  Probe  
  94  19:13  Sentry x2  
  94  19:15  Probe  
  94  19:29  Observer  
  94  19:30  Probe x2  
  90  19:53  Adept  
  92  20:13  Probe  
  90  20:16  Probe  
  92  20:27  Probe  
  91  20:36  Probe  
  92  20:43  Probe  
  93  20:51  Probe  
  93  20:56  Probe  
  95  21:09  Probe  
  96  21:12  Probe  
  97  21:21  Probe  
  97  21:23  Probe  
  99  21:29  Probe  
  99  21:31  Probe  
  97  21:37  Probe  
  97  21:39  Probe  
  99  21:54  Stalker  
  103  22:12  Charge  
  103  22:14  Adept  
  103  22:21  Probe  
  103  22:22  Probe  
  105  22:39  Stalker  
  105  22:40  Sentry  
  105  22:56  Stalker  
  105  23:06  Stalker  
  105  23:22  Templar Archives  
  105  23:25  Adept  
  105  23:39  Adept  
  99  23:51  Probe  
  80  24:50  High Templar  
  82  24:57  High Templar  
  84  25:02  Archon  
  79  25:25  Probe  
  78  25:46  Observer  
  74  25:50  Probe  
  72  26:15  Observer  
  72  26:17  Observer  
  71  26:25  Observer  
  65  27:08  Observer  
  65  27:15  Observer  
  65  27:34  Observer  
  65  27:36  Observer  
  64  27:42  Observer  
  64  28:04  Observer  
  28  29:19  Sentry  
Tags
 
Add a new tag
Caveats
  • Supply blocks, unpowered buildings, or Contaminate may cause inaccurate times.
  • Supply counts are checked every 10 seconds.